 Dungeon Crawl Stone Soup version 0.22-a0-803-gd6d8abeff0 (webtiles) character file.

102 Brozuf the Ruffian (level 4, -14/45 HPs)
             Began as a Troll Monk on July 22, 2018.
             Demolished by Crazy Yiuf
             ... wielding a +4 quarterstaff of chaos
              (15 damage)
             ... on level 2 of the Dungeon.
             The game lasted 00:01:31 (915 turns).

Brozuf the Ruffian (Troll Monk)                      Turns: 915, Time: 00:01:31

Health: -14/45     AC:  5    Str: 19    XL:     4   Next: 50%
Magic:  3/3        EV: 10    Int:  6    God:
Gold:   92         SH:  0    Dex: 13    Spells: 3/3 levels left

rFire    . . .     SeeInvis .     - Unarmed
rCold    . . .     Gourm    +   (no shield)
rNeg     . . .     Faith    .   a - +0 robe
rPois    .         Spirit   .   (helmet restricted)
rElec    .         Reflect  .   (no cloak)
rCorr    .         Harm     .   (gloves unavailable)
MR       .....                  (boots unavailable)
Stlth    ++........             (no amulet)
HPRegen  0.55/turn              (no ring)
MPRegen  0.08/turn              (no ring)

@: lethally poisoned (-14 -> -14), slowed, very slow
A: large, unfitting armour, claws 3, fast metabolism 3, gourmand, regeneration
1, shaggy fur 1, tough skin 2
a: no special abilities


You were on level 2 of the Dungeon.
You were completely stuffed.

You visited 1 branch of the dungeon, and saw 2 of its levels.

You collected 92 gold pieces.

Inventory:

Hand Weapons
 i - a +0 hunting sling
Missiles
 e - 88 stones (quivered)
Armour
 a - a +0 robe (worn)
Scrolls
 c - a scroll of immolation {unknown}
 d - a scroll of remove curse {unknown}
 h - a scroll of enchant weapon {unknown}
 l - a scroll of teleportation {unknown}
Potions
 f - a potion of ambrosia {unknown}
 g - 2 potions of curing {unknown}
 j - a potion of berserk rage {unknown}
 m - a potion of heal wounds
Comestibles
 b - 5 rations
 k - 7 chunks of flesh


   Skills:
 + Level 3.5 Fighting
 - Level 2.4 Dodging
 - Level 1.0 Stealth
 + Level 4.3 Unarmed Combat


You had 3 spell levels left.
You didn't know any spells.
Your spell library was empty.

Dungeon Overview and Level Annotations

Branches:
Dungeon (2/15)

Altars:
Qazlal

Annotations:
D:2 Crazy Yiuf


Innate Abilities, Weirdness & Mutations

You are too large for most types of armour.
You have claws for hands.
Your metabolism is lightning-fast.
You like to eat raw meat.
Your natural rate of healing is unusually fast.
You are covered in fur. (AC +1)
You have very tough skin. (AC +2)


Message History

You scratch Crazy Yiuf.
Crazy Yiuf is almost dead.
You scratch Crazy Yiuf but do no damage.
Crazy Yiuf is almost dead.
Crazy Yiuf whimpers, "Line blue pizzabubble!"
Crazy Yiuf hits you with a quarterstaff of chaos!
You feel yourself slow down.
You barely miss Crazy Yiuf.
Crazy Yiuf is almost dead.
Crazy Yiuf hits you with a quarterstaff of chaos!
* * * LOW HITPOINT WARNING * * *
You are poisoned.
You scratch Crazy Yiuf but do no damage.
Crazy Yiuf is almost dead.
You feel sick. Crazy Yiuf barely misses you.
Crazy Yiuf laughs, "Papa dark King!"
Crazy Yiuf hits you with a quarterstaff of chaos.
* * * LOW HITPOINT WARNING * * *
You are electrocuted!
You die...

.# .# ..
.# #####
.## .
#).)#
..## ...
#).)#
...##....
#.g.#
).....#
#@#
#..####
♣)♣♣ #..#
♣♣)♣
...###
♣.♣♣
#....#
♣♣)♣
#....#
♣♣)♣♣
#....#
♣♣...♣
.....#
♣....♣
#....#
#....#


You could see Crazy Yiuf.

Vanquished Creatures
  Jessica (D:2)
  3 gnolls (D:2)
  4 dart slugs
  A leopard gecko (D:1)
  A giant cockroach (D:2)
  3 goblins
  6 hobgoblins
  2 quokkas (D:2)
  3 bats
  3 frilled lizards (D:1)
  10 kobolds
  5 rats (D:1)
42 creatures vanquished.

Notes
Turn   | Place    | Note
-------+----------+-------------------------------------------
     0 | D:1      | Brozuf the Troll Monk began the quest for the Orb.
     0 | D:1      | Reached XP level 1. HP: 22/22 MP: 0/0
   164 | D:1      | Reached XP level 2. HP: 20/29 MP: 1/1
   600 | D:2      | Reached XP level 3. HP: 37/37 MP: 2/2
   716 | D:2      | Reached skill level 4 in Unarmed Combat
   779 | D:2      | Reached XP level 4. HP: 45/45 MP: 3/3
   815 | D:2      | Found a stormy altar of Qazlal.
   861 | D:2      | Noticed Jessica
   871 | D:2      | Killed Jessica
   903 | D:2      | Found a runed door.
   907 | D:2      | Noticed Crazy Yiuf
   915 | D:2      | HP: 1/45 [Crazy Yiuf/quarterstaff of chaos (5)]
   915 | D:2      | Demolished by Crazy Yiuf

Vault maps used:
D:1:      dpeg_cavernosity, minmay_misc_feat_x
D:2:      old_standard_altar, first_ration, minmay_distorted, uniq_jessica,
          uniq_crazy_yiuf_cottage

Skill      XL: |  1  2  3 |
---------------+----------+-----
Fighting       | 3 |  3.5
Unarmed Combat | 4 |  4.3
Dodging        | |  2.4
Stealth        | |  1.0

Action                   |  1- 3 |  4- 6 || total
-------------------------+-------+-------++-------
Melee: Unarmed           |    79 |    29 ||   108
 Stab: Sleeping          |     3 |     1 ||     4
  Eat: Chunk             |    13 |     1 ||    14
Armor: Robe              |    15 |     2 ||    17
Dodge: Dodged            |    32 |    12 ||    44

Table legend:
 A = Spawn XP
 B = Non-spawn XP
 C = Spawn XP percentage of total XP
 D = Spawn monster count
 E = Non-spawn monster count
 F = Spawn count percentage of total count
 G = Total turns spent on level
                    A         B        C        D         E        F      G
               +---------+---------+-------+---------+---------+-------+---------
         Total |       0 |     147 |   0.0 |       0 |      42 |   0.0 |   915
               +---------+---------+-------+---------+---------+-------+---------
           D:1 |       0 |      40 |   0.0 |       0 |      25 |   0.0 |   608
           D:2 |       0 |     107 |   0.0 |       0 |      17 |   0.0 |   307
               +---------+---------+-------+---------+---------+-------+---------
